Map: Year Zero LE

Players

Reynor

  • Race: Zerg Zerg
  • League: Master
  • Spawn Location: 11:00

HeroMarine - Winner!

  • Race: Terran Terran
  • League: Master
  • Spawn Location: 1:00

Event: 2019 WCS Winter Europe

VOD

Have the link to the VOD?

Description

Time

  • Played on: March 24, 2019, 11:04 a.m.
  • Length: 23:58

All games in this series

Show
View Real Time Build Order
Export as new Build Order

Reynor Zerg 

Build Orders: Hatch First 

Get SALT Encoding   

  12  0:00  Drone  
  13  0:13  Overlord  
  13  0:17  Drone  
  14  0:31  Drone x2  
  16  0:50  Hatchery  
  16  0:53  Drone  
  16  0:56  Drone  
  17  1:01  Drone  
  18  1:10  Extractor  
  17  1:17  Spawning Pool  
  16  1:20  Drone  
  16  1:23  Drone  
  18  1:29  Drone  
  19  1:39  Drone  
  20  1:49  Drone  
  21  2:04  Queen x2, Zergling x4  
  27  2:12  Metabolic Boost  
  27  2:25  Hatchery  
  27  2:29  Overlord  
  26  2:33  Drone  
  26  2:35  Drone  
  28  2:47  Drone x2  
  28  2:49  Drone x2  
  28  2:50  Overlord  
  32  2:55  Drone  
  33  3:00  Queen  
  33  3:03  Zergling x2  
  36  3:09  Drone  
  37  3:13  Overlord  
  37  3:15  Zergling x4  
  39  3:22  Zergling x6  
  42  3:29  Drone x2  
  46  3:36  Overlord  
  46  3:37  Drone  
  46  3:39  Drone  
  48  3:45  Overlord, Drone x2  
  48  3:47  Queen  
  48  3:48  Drone  
  51  3:50  Drone  
  51  3:54  Drone  
  53  3:58  Drone  
  54  4:04  Zergling x2  
  54  4:06  Drone  
  54  4:09  Drone x3  
  59  4:10  Queen  
  59  4:16  Overlord  
  61  4:21  Drone x3  
  61  4:22  Spore Crawler  
  61  4:23  Drone  
  63  4:25  Drone  
  63  4:26  Spore Crawler, Drone  
  63  4:28  Drone  
  63  4:31  Spore Crawler  
  64  4:32  Drone x2  
  64  4:36  Drone  
  67  4:38  Overlord  
  67  4:40  Drone  
  68  4:46  Evolution Chamber  
  68  4:47  Drone x2  
  68  4:49  Evolution Chamber, Extractor, Drone  
  68  4:50  Drone  
  68  4:51  Drone  
  69  4:54  Drone  
  69  4:56  Drone x2  
  69  4:57  Drone  
  69  4:58  Drone  
  74  5:05  Drone  
  74  5:06  Drone x3  
  77  5:07  Drone  
  77  5:09  Lair  
  77  5:10  Drone  
  77  5:13  Extractor  
  78  5:15  Zerg Ground Armor Level 1  
  78  5:16  Drone x2  
  78  5:20  Drone x2  
  82  5:22  Overlord, Extractor  
  82  5:25  Drone x3  
  86  5:28  Drone x3  
  86  5:30  Overlord  
  86  5:35  Extractor, Baneling Nest  
  86  5:37  Extractor  
  86  5:41  Overlord  
  84  5:47  Zergling x8  
  84  5:49  Drone x2  
  89  5:50  Drone  
  89  5:54  Hatchery, Zerg Melee Weapons Level 1  
  89  5:55  Queen  
  91  5:59  Zergling x8  
  91  6:01  Drone  
  96  6:05  Overlord  
  96  6:07  Zergling x8  
  96  6:11  Overseer  
  100  6:12  Overlord  
  100  6:18  Roach Warren, Zergling x4  
  100  6:28  Zergling x2  
  100  6:29  Zergling x4  
  100  6:30  Drone x7  
  110  6:39  Centrifical Hooks  
  110  6:42  Overlord  
  110  6:52  Overlord  
  109  6:56  Zergling x18  
  109  6:57  Overlord  
  118  7:03  Glial Reconstitution  
  118  7:06  Drone  
  118  7:07  Drone x2  
  121  7:14  Baneling x6  
  121  7:15  Baneling  
  120  7:16  Drone x3  
  120  7:18  Spore Crawler  
  120  7:19  Roach  
  120  7:20  Roach x6  
  136  7:26  Overlord  
  136  7:27  Roach  
  136  7:29  Zergling x2  
  138  7:30  Zerg Missile Weapons Level 1  
  138  7:33  Drone x2  
  134  7:37  Drone x3  
  134  7:41  Ravager x6  
  134  7:42  Drone x3  
  146  7:46  Drone x3  
  146  7:48  Zergling x4  
  146  7:49  Zergling x10  
  146  7:50  Zerg Melee Weapons Level 2  
  156  7:55  Overlord  
  156  7:56  Zergling x2  
  156  7:57  Zergling x4  
  159  8:05  Infestation Pit, Overseer  
  158  8:06  Overlord  
  158  8:07  Zergling x2  
  158  8:10  Overlord  
  159  8:15  Zergling x8  
  159  8:19  Overlord  
  161  8:20  Zergling x6  
  161  8:21  Zergling x8  
  161  8:25  Extractor  
  167  8:27  Ravager  
  167  8:28  Ravager  
  167  8:29  Zergling x8  
  167  8:30  Zergling x4  
  174  8:35  Zergling x6  
  174  8:37  Overlord  
  174  8:40  Drone x3  
  180  8:42  Hive  
  180  8:43  Drone  
  180  8:44  Spire  
  180  8:45  Zergling x4  
  180  8:48  Zergling x8  
  186  8:50  Drone x3  
  186  8:52  Drone x2  
  186  8:54  Zergling x2  
  186  8:55  Zergling x2  
  190  9:00  Overlord  
  191  9:02  Zergling x2  
  191  9:03  Zergling x2  
  191  9:07  Roach x2  
  191  9:09  Hatchery  
  195  9:11  Overlord  
  195  9:14  Overlord  
  194  9:21  Baneling  
  194  9:22  Baneling x16  
  194  9:23  Zergling x12  
  199  9:43  Zergling x2  
  199  9:54  Spore Crawler, Spine Crawler  
  199  9:56  Pneumatized Carapace  
  193  10:05  Greater Spire  
  193  10:06  Adrenal Glands  
  192  10:07  Zerg Missile Weapons Level 2, Zerg Melee Weapons Level 3  
  192  10:09  Zergling x2  
  192  10:10  Zergling x30  
  192  10:11  Baneling x13  
  192  10:12  Baneling x8  
  192  10:14  Zergling x18  
  199  10:17  Zergling x6  
  199  10:27  Overlord  
  199  10:35  Drone x3  
  191  10:37  Zergling x18  
  196  10:51  Drone x3  
  199  11:00  Baneling x10  
  199  11:01  Baneling x8  
  196  11:10  Baneling x6  
  192  11:15  Zergling x14  
  177  11:27  Zergling x2  
  177  11:28  Zergling x30  
  190  11:37  Zergling x4  
  190  11:39  Roach x3  
  195  11:41  Zerg Flyer Weapons Level 1  
  195  11:46  Baneling x8  
  192  11:47  Zergling x8  
  192  11:50  Spine Crawler x2  
  192  11:51  Extractor  
  192  11:52  Zergling x8  
  197  11:58  Zergling x8  
  195  12:03  Zergling x10  
  195  12:07  Baneling x9  
  191  12:29  Zergling x36  
  164  12:34  Roach x3, Zergling x6  
  153  12:38  Zergling x4  
  153  12:42  Roach x2, Zergling x2  
  140  12:53  Zergling x2  
  140  12:54  Queen, Zergling x8  
  140  12:57  Baneling x14, Corruptor x2  
  147  12:59  Drone x3  
  147  13:02  Baneling x2  
  147  13:03  Baneling x9, Corruptor x3  
  147  13:05  Drone x3  
  158  13:07  Baneling x6  
  158  13:08  Drone  
  158  13:25  Drone x2  
  158  13:26  Drone x4  
  160  13:29  Zergling x14  
  160  13:33  Ravager x2  
  169  13:41  Zerg Flyer Weapons Level 2, Drone x3  
  169  13:44  Drone x4  
  173  13:49  Ravager x7  
  173  13:50  Zergling x14  
  187  13:56  Baneling x8  
  187  13:57  Baneling x13  
  187  13:59  Roach, Zergling x2  
  187  14:00  Zergling x2  
  190  14:05  Zergling x4  
  162  14:25  Zergling x24  
  162  14:27  Corruptor x2  
  162  14:28  Corruptor  
  168  14:31  Queen  
  168  14:33  Zergling x4  
  163  14:41  Zergling x6  
  165  14:46  Baneling x8  
  165  14:47  Baneling x4  
  165  14:54  Corruptor x4  
  165  14:56  Roach x3  
  165  14:59  Zerg Missile Weapons Level 3  
  179  15:03  Zergling x16  
  187  15:07  Zergling x6  
  189  15:16  Zergling x4  
  189  15:17  Zergling x2  
  192  15:28  Spore Crawler  
  191  15:34  Zergling x18  
  194  15:45  Zergling x10  
  194  15:47  Baneling x17  
  199  15:55  Extractor, Zergling x14  
  183  16:24  Zergling x32  
  199  16:37  Hatchery  
  188  16:56  Infestor x4  
  188  16:57  Zergling x10  
  188  16:58  Zergling x16  
  197  17:06  Baneling x25  
  197  17:08  Zergling x6  
  191  17:19  Zergling x32  
  198  17:23  Brood Lord  
  170  17:39  Zergling x18  
  170  17:42  Zergling x2  
  170  17:43  Zergling x10  
  163  17:45  Zergling x2  
  163  17:46  Queen  
  163  17:50  Zergling x2  
  144  18:03  Infestor x3  
  144  18:05  Brood Lord x5  
  160  18:08  Brood Lord  
  160  18:10  Extractor  
  155  18:27  Zergling x20  
  159  18:30  Brood Lord  
  167  18:36  Hatchery  
  167  18:40  Corruptor x3  
  172  18:44  Corruptor  
  172  18:50  Corruptor  
  171  19:02  Zergling x2  
  171  19:03  Zergling x20  
  171  19:09  Corruptor  
  154  19:24  Zergling x6  
  146  19:34  Viper x3  
  146  19:37  Roach x3  
  155  19:42  Hatchery  
  155  19:43  Roach  
  156  19:46  Corruptor  
  158  19:53  Corruptor  
  158  19:57  Corruptor  
  162  20:06  Corruptor x2  
  166  20:15  Ravager  
  166  20:16  Ravager x2  
  166  20:20  Corruptor  
  166  20:21  Corruptor  
  175  20:42  Corruptor x2, Drone  
  166  20:56  Zergling x16  
  142  21:05  Brood Lord  
  144  21:12  Zergling x14  
  151  21:23  Corruptor x2  
  155  21:30  Extractor  
  155  21:31  Infestor x3  
  155  21:32  Extractor  
  158  21:47  Zergling x22  
  159  21:58  Drone x6  
  158  22:07  Brood Lord  
  153  22:15  Baneling x2  
  153  22:19  Zergling x6  
  156  22:27  Baneling x3  
  156  22:29  Zergling x6  
  144  22:44  Corruptor  
  144  22:49  Zergling x14  
  123  22:58  Zergling x2  
  123  22:59  Zergling x8  
  112  23:15  Zergling x16  
  120  23:20  Corruptor x2  
  106  23:27  Zergling x2  
  106  23:28  Zergling x10  
Show
View Real Time Build Order
Export as new Build Order

HeroMarine Terran - Winner!

Build Orders: Gas First Reaper Expand, Mech, Banshee Rush 

Get SALT Encoding   

  12  0:00  SCV  
  13  0:12  SCV  
  14  0:18  Supply Depot  
  14  0:25  SCV  
  15  0:30  Refinery  
  15  0:39  SCV  
  16  0:46  Barracks  
  16  0:51  SCV  
  17  1:03  SCV  
  18  1:16  SCV  
  19  1:33  Reaper, Orbital Command  
  20  1:44  Command Center  
  20  1:55  Factory  
  20  1:58  SCV  
  21  2:06  Barracks Reactor  
  21  2:10  SCV  
  21  2:15  Supply Depot  
  22  2:18  Refinery  
  22  2:23  SCV  
  23  2:36  SCV  
  24  2:44  Starport  
  24  2:47  Hellion x2  
  24  2:48  SCV  
  29  2:53  Barracks Tech Lab  
  29  2:57  Orbital Command  
  29  3:01  SCV  
  30  3:08  Hellion  
  30  3:11  Hellion  
  34  3:13  SCV  
  35  3:23  SCV  
  35  3:25  SCV  
  35  3:26  Barracks Tech Lab  
  37  3:28  Cloaking Field  
  37  3:32  Banshee  
  40  3:38  Supply Depot  
  40  3:39  SCV x2  
  42  3:51  SCV  
  42  3:52  SCV  
  42  3:54  Marine x2  
  46  4:00  Siege Tank  
  46  4:01  Supply Depot  
  49  4:03  SCV  
  49  4:04  SCV  
  51  4:12  Marine x2  
  51  4:13  Supply Depot  
  51  4:16  SCV  
  54  4:17  SCV  
  54  4:21  Banshee  
  53  4:28  SCV  
  53  4:29  SCV  
  57  4:34  Siege Tank  
  57  4:38  Command Center  
  58  4:40  SCV  
  58  4:41  SCV  
  58  4:42  Marine  
  58  4:43  Marine  
  62  4:51  Supply Depot  
  62  4:52  SCV  
  63  4:53  SCV  
  63  4:56  Refinery  
  63  4:57  Refinery  
  64  5:04  SCV, Banshee  
  64  5:05  SCV  
  69  5:16  SCV  
  69  5:18  Armory, SCV  
  69  5:19  Hellion x2  
  75  5:27  Supply Depot  
  75  5:28  SCV  
  75  5:30  SCV  
  77  5:40  SCV  
  78  5:44  Factory  
  78  5:45  Factory  
  78  5:49  SCV, Hellion x2  
  83  5:51  Orbital Command  
  83  5:52  SCV  
  83  5:54  Supply Depot  
  84  6:00  Starport Reactor  
  84  6:01  SCV  
  85  6:04  SCV  
  85  6:05  Terran Vehicle And Ship Armor Level 1  
  85  6:06  Supply Depot  
  85  6:10  Hellion x2  
  90  6:13  SCV  
  90  6:16  Orbital Command  
  90  6:17  SCV  
  92  6:24  Factory  
  92  6:25  SCV  
  93  6:26  Factory  
  93  6:29  SCV, Cyclone  
  97  6:35  Cyclone  
  97  6:37  SCV  
  97  6:38  Engineering Bay  
  101  6:41  SCV, Supply Depot  
  103  6:47  SCV  
  103  6:49  SCV  
  103  6:53  SCV  
  103  6:59  SCV, Refinery  
  103  7:00  Refinery  
  103  7:01  SCV, Cyclone  
  111  7:03  Supply Depot  
  111  7:05  SCV  
  113  7:10  Supply Depot  
  113  7:11  SCV  
  113  7:12  Factory Reactor, Factory Tech Lab  
  113  7:13  SCV  
  111  7:17  SCV  
  111  7:18  Command Center  
  111  7:20  Cyclone  
  111  7:21  Infernal Pre-Igniter  
  115  7:23  SCV, Mag-Field Accelerator  
  116  7:32  Hellion x2  
  116  7:33  Cyclone  
  116  7:34  Cyclone  
  126  7:40  Hellion x6  
  123  7:44  Supply Depot  
  123  7:46  Viking  
  123  7:47  Supply Depot  
  125  7:52  Cyclone  
  125  7:54  Hellion x3  
  125  7:55  Hellion  
  125  7:56  Supply Depot  
  136  8:00  SCV x3  
  136  8:05  Terran Vehicle And Ship Armor Level 2  
  139  8:06  Cyclone  
  139  8:11  Cyclone  
  145  8:14  Supply Depot  
  143  8:24  Cyclone  
  146  8:31  Supply Depot  
  146  8:34  Supply Depot  
  146  8:37  SCV x3  
  146  8:38  Cyclone  
  152  8:42  Refinery  
  152  8:43  Cyclone  
  152  8:46  Refinery  
  155  8:50  Fusion Core, Starport  
  155  8:51  Missile Turret  
  155  8:56  Starport  
  155  8:59  Planetary Fortress  
  155  9:00  Command Center  
  155  9:01  Liberator  
  155  9:02  SCV x3, Command Center  
  158  9:04  Liberator  
  158  9:09  Cyclone  
  167  9:27  Missile Turret  
  167  9:30  Starport Reactor  
  167  9:32  Missile Turret  
  167  9:34  Armory  
  167  9:37  Starport Tech Lab  
  167  9:38  Command Center  
  167  9:44  Liberator  
  162  9:47  Liberator  
  162  9:50  Liberator  
  162  9:53  Cyclone x2  
  162  9:57  Cyclone  
  171  10:06  Hellion x2  
  171  10:07  Hellion x2  
  184  10:10  Advanced Ballistics  
  179  10:16  Orbital Command x2  
  179  10:19  Liberator  
  179  10:25  Cyclone x2  
  179  10:27  Liberator  
  179  10:28  Hellion x2  
  189  10:29  Cyclone  
  179  10:40  Liberator  
  175  10:49  Command Center, Terran Vehicle Weapons Level 1  
  178  10:52  Hellion x2  
  178  10:53  Command Center  
  186  10:57  Hellion x3, Cyclone  
  191  11:06  Terran Vehicle And Ship Armor Level 3  
  191  11:07  Hellion  
  193  11:13  Hellion x2  
  199  11:18  Hellion  
  199  11:22  Planetary Fortress  
  195  11:27  Cyclone  
  195  11:28  Cyclone  
  195  11:32  Hellion  
  193  11:34  Hellion  
  193  11:35  Hellion x2  
  193  11:37  Refinery  
  193  11:39  Refinery  
  199  11:44  Command Center  
  199  11:45  Sensor Tower  
  199  11:47  Liberator x2  
  197  12:00  Cyclone  
  194  12:05  Orbital Command  
  194  12:06  Orbital Command  
  200  12:11  Liberator x3  
  200  12:26  Cyclone x2  
  200  12:29  Liberator  
  186  12:30  Liberator  
  186  12:32  Cyclone  
  186  12:34  Hellion  
  186  12:35  Hellion  
  179  12:38  Hellion  
  177  12:46  Hellion  
  169  12:54  Liberator x2  
  169  12:56  Hellion x2  
  167  12:58  Cyclone x2  
  167  13:02  Hellion  
  167  13:03  Orbital Command  
  167  13:05  Hellion  
  177  13:07  Hellion  
  185  13:17  Hellion x2  
  189  13:23  Hellion  
  189  13:26  Cyclone  
  194  13:28  Terran Vehicle Weapons Level 2, Hellion  
  194  13:30  Cyclone  
  199  13:38  Command Center, Liberator x2  
  199  13:41  Sensor Tower  
  199  13:43  Factory  
  199  13:44  Starport, Factory  
  199  14:11  Liberator x2  
  199  14:19  Terran Ship Weapons Level 1  
  199  14:21  Cyclone, Liberator  
  199  14:22  Hellion x2  
  200  14:27  Cyclone x2  
  200  14:28  Viking  
  200  14:30  Factory Tech Lab  
  200  14:31  Factory Tech Lab  
  176  14:39  Viking  
  179  14:50  Siege Tank x2  
  179  14:51  Hellion x3  
  179  14:52  Hellion  
  193  14:53  Starport Reactor, Siege Tank  
  193  14:58  Viking  
  193  14:59  Command Center  
  192  15:08  Siege Tank x2  
  198  15:25  Sensor Tower  
  198  15:31  Planetary Fortress  
  195  15:44  Siege Tank  
  198  15:58  Sensor Tower  
  198  16:07  Terran Vehicle Weapons Level 3  
  198  16:08  Siege Tank  
  199  16:17  Siege Tank  
  199  16:24  Missile Turret  
  199  16:35  Command Center  
  197  16:45  Siege Tank  
  198  16:55  Siege Tank  
  198  16:58  Siege Tank x2  
  198  16:59  SCV, Hellion x5  
  200  17:01  Terran Ship Weapons Level 2  
  187  17:18  Hellion  
  187  17:20  Hellion x3, Siege Tank  
  187  17:21  SCV x2, Hellion  
  194  17:27  Hellion, Liberator  
  190  17:30  Siege Tank x2  
  182  17:39  Hellion  
  182  17:42  Hellion x4  
  171  17:45  Viking x4  
  171  17:46  Viking  
  171  17:47  Viking  
  171  17:48  Siege Tank  
  171  17:49  Planetary Fortress  
  171  17:51  Refinery  
  175  17:53  Siege Tank  
  175  17:58  Liberator x3  
  170  17:59  SCV  
  170  18:00  Hellion  
  170  18:01  SCV x3  
  170  18:02  Liberator  
  170  18:03  Hellion x2  
  170  18:04  SCV x2, Liberator  
  182  18:08  SCV x2  
  182  18:10  Refinery  
  184  18:15  Viking  
  180  18:48  Hellion x5  
  187  18:49  Thor x2  
  197  19:13  Liberator x2  
  197  19:15  Viking  
  196  19:19  Thor  
  187  19:24  Thor  
  187  19:28  Thor  
  187  19:30  Viking x3  
  187  19:31  Viking  
  189  19:32  Thor  
  189  19:37  Command Center  
  187  19:40  Smart Servos  
  183  19:46  Viking  
  185  19:55  Thor  
  185  19:58  Hellion x2  
  189  20:00  Viking x2  
  189  20:02  Terran Ship Weapons Level 3  
  193  20:08  Thor  
  199  20:21  Planetary Fortress  
  199  20:23  Neosteel Armor  
  199  20:32  Factory Tech Lab  
  191  20:46  Refinery  
  191  20:47  Refinery  
  177  20:50  Hellion x2  
  177  20:51  Hellion x2  
  177  20:53  Viking x3  
  177  20:54  Cyclone x2  
  177  20:55  Hellion x3  
  154  21:06  Orbital Command  
  154  21:15  Liberator x2  
  154  21:16  SCV x5, Cyclone, Thor, Liberator  
  154  21:18  SCV  
  169  21:19  SCV  
  169  21:20  SCV  
  173  21:28  SCV x2  
  172  21:35  Thor  
  185  21:41  Thor  
  185  21:46  Thor  
  197  21:57  Liberator x3  
  195  22:07  Liberator  
  185  22:14  Viking  
  200  22:24  Liberator x2  
  200  22:26  Liberator  
  194  22:42  Thor  
  200  22:47  Hellion x2  
  200  22:48  Liberator x2  
  197  22:55  Thor  
  180  22:59  Hellion x3, Thor  
  180  23:00  Thor  
  171  23:07  Viking  
  171  23:09  Hellion x2  
  171  23:11  Viking  
  176  23:20  Hellion x2  
  176  23:24  Viking  
  176  23:26  Hellion  
  173  23:27  Hellion  
  173  23:30  Hellion  
  173  23:32  Hellion  
Tags
 
Add a new tag
Caveats
  • Supply blocks, unpowered buildings, or Contaminate may cause inaccurate times.
  • Supply counts are checked every 10 seconds.